 Dungeon Crawl Stone Soup version 0.21.1-1-g345015f (webtiles) character file.

52 MajorAdolf the Stinger (level 3, -1/21 HPs)
             Began as an Octopode Venom Mage on Apr 6, 2018.
             Slain by Crazy Yiuf
             ... wielding a +3 quarterstaff of chaos
              (2 damage)
             ... on level 2 of the Dungeon.
             The game lasted 00:04:08 (1539 turns).

MajorAdolf the Stinger (Octopode Venom Mage)        Turns: 1539, Time: 00:04:08

Health: -1/21      AC:  1    Str:  7    XL:     3   Next: 85%
Magic:  3/6        EV: 13    Int: 18    God:
Gold:   57         SH:  0    Dex: 12    Spells: 3/6 levels left

rFire    + . .     SeeInvis .   h - +0 dagger
rCold    . . .     Gourm    .   (no shield)
rNeg     . . .     Faith    .   (helmet restricted)
rPois    .         Spirit   .   (no amulet)
rElec    .         Reflect  .   j - ring of protection from fire
rCorr    .         Harm     .   (no ring)
MR       .....                  (no ring)
Stlth    +++.......             (no ring)
HPRegen  0.07/turn              (no ring)
MPRegen  0.10/turn              (no ring)
                                (no ring)
                                (no ring)

@: drained
A: almost no armour, stealthy swim, amphibious, 8 rings, constrict 8, camouflage
1, gelatinous body 1
a: no special abilities


You were on level 2 of the Dungeon.
You were near starving.

You visited 1 branch of the dungeon, and saw 2 of its levels.

You collected 57 gold pieces.

Inventory:

Hand Weapons
 h - a +0 dagger (weapon)
Jewellery
 j - a ring of protection from fire (left tentacle)
 o - a +3 ring of evasion {unknown}
Wands
 g - a wand of paralysis (17)
Scrolls
 c - a scroll of teleportation {unknown}
 d - a scroll of random uselessness {unknown}
 e - a scroll of identify {unknown}
 i - 2 scrolls of remove curse {unknown}
 k - a scroll of immolation {unknown}
 p - a scroll of fear {unknown}
Potions
 f - 2 potions of curing {unknown}
 l - a potion of agility {unknown}
 m - a potion of flight {unknown}
 n - a potion of lignification {unknown}
 q - a potion of heal wounds {unknown}
Books
 a - a Young Poisoner's Handbook

   Spells                             Type                      Level
   a - Sting                          Conjuration/Poison           1
   b - Poisonous Vapours              Poison/Air                   2
   c - Mephitic Cloud                 Conjuration/Poison/Air       3
   d - Olgreb's Toxic Radiance        Poison                       4
   e - Venom Bolt                     Conjuration/Poison           5
Comestibles
 b - 3 rations


   Skills:
 - Level 2.0(1.6) Dodging
 - Level 3.3(3.0) Stealth
 + Level 2.1(1.8) Spellcasting
 - Level 1.0(0.7) Conjurations
 + Level 5.3(4.9) Poison Magic


You had 3 spell levels left.
You knew the following spells:

 Your Spells              Type           Power        Failure   Level  Hunger
a - Sting                 Conj/Pois      ##..         6%          1    #......
b - Poisonous Vapours     Pois/Air       ##....       10%         2    ###....


Dungeon Overview and Level Annotations

Branches:
Dungeon (2/15)

Altars:
Elyvilon

Annotations:
D:2 Crazy Yiuf


Innate Abilities, Weirdness & Mutations

You cannot wear most types of armour.
You are very stealthy in the water. (Stealth+)
You are amphibious.
You can wear up to eight rings at the same time.
You can use your tentacles to constrict eight enemies at once.
Your skin changes colour to match your surroundings (Stealth+).
Your rubbery body absorbs attacks. (AC +1, EV +1)


Message History

Casting: Sting
Confirm with . or Enter, or press ? or * to list all spells.
Aiming: Sting
Press: ? - help, Shift-Dir - straight line, f/p - Crazy Yiuf
Aim: Crazy Yiuf, wielding a quarterstaff of chaos and wearing a cloak (lightly wounded, fast, poisoned)
The sting hits Crazy Yiuf.
Crazy Yiuf looks even sicker.
Crazy Yiuf is moderately wounded.
Unknown command.
You hit Crazy Yiuf but do no damage. Your grab misses Crazy Yiuf.
You squeeze Crazy Yiuf!
Crazy Yiuf is almost dead.
Crazy Yiuf grits, "Walk!"
Crazy Yiuf hits you with a quarterstaff of chaos!
Ouch! That really hurt!
Crazy Yiuf draws strength from your wounds!
Crazy Yiuf screams, "Proton wrapper high!"
Crazy Yiuf hits you with a quarterstaff of chaos!
* * * LOW HITPOINT WARNING * * *
You feel drained.
You die...

## #.#.#.........#
#'### #..#.#
#.#.###########
###.#####.#.#
#.#.....#
#.'.......#
#.####### #####
#.######..#
#.#.....# #..)#
#.'......>#
#.##.#### #...#
#.######### #.##.#
... #.###.######
#.##.# #g#
#........... #.##.#
##@# ###<........
#....# #.##
###.....). ######
##.# #....... #.##
#....... ##.##
#....... #...##
#....... #....#
#####....... #....#
#...........
#....####.##########


You could see Crazy Yiuf.

Vanquished Creatures
  A worm (D:2)
  2 giant cockroaches (D:1)
  10 hobgoblins
  9 jackals
  5 kobolds (D:1)
  A quokka (D:2)
  5 bats
  4 goblins
  3 rats
40 creatures vanquished.

Notes
Turn   | Place    | Note
-------+----------+-------------------------------------------
     0 | D:1      | MajorAdolf the Octopode Venom Mage began the quest for the Orb.
     0 | D:1      | Reached XP level 1. HP: 11/11 MP: 3/3
   193 | D:1      | Reached skill level 4 in Poison Magic
   193 | D:1      | Reached XP level 2. HP: 12/17 MP: 1/5
   199 | D:1      | Learned a level 2 spell: Poisonous Vapours
   435 | D:1      | Reached XP level 3. HP: 19/21 MP: 0/6
  1019 | D:2      | Reached skill level 5 in Poison Magic
  1050 | D:2      | Found a white marble altar of Elyvilon.
  1376 | D:2      | Found a runed door.
  1535 | D:2      | Noticed Crazy Yiuf
  1539 | D:2      | HP: 1/21 [Crazy Yiuf/quarterstaff of chaos (9)]
  1539 | D:2      | Slain by Crazy Yiuf

Skill      XL: |  1  2  3 |
---------------+----------+-----
Poison Magic   | 4 5 |  5.3
Stealth        | 3 |  3.3
Dodging        | |  2.0
Spellcasting   | |  2.1
Conjurations   | |  1.0

Action                   || total
-------------------------++-------
Melee: Unarmed           ||    13
       Constrict         ||     8
       Tentacles         ||     7
       Dagger            ||    25
 Cast: Sting             ||    57
 Stab: Sleeping          ||     1
  Eat: Chunk             ||     1
Armor: Skin              ||     1
Dodge: Dodged            ||    36
